Map: Orbital Shipyard

Players

Motiva

  • Race: Zerg Zerg
  • League: Platinum

LilDicky - Winner!

  • Race: Terran Terran
  • League: Diamond

VOD

http://www.twitch.tv/tumescentpie

Description

Time

  • Played on: Dec. 1, 2015, 9:08 a.m.
  • Length: 15:53
Show
View Real Time Build Order
Export as new Build Order

Motiva Zerg 

Build Orders: Hatch First, Lurkers 

Get SALT Encoding   

  12  0:01  Drone  
  13  0:10  Drone  
  14  0:17  Overlord  
  14  0:35  Drone x3  
  17  0:46  Drone  
  18  1:00  Drone  
  19  1:04  Hatchery  
  19  1:06  Extractor  
  19  1:09  Drone  
  18  1:18  Spawning Pool  
  18  1:22  Drone  
  18  1:35  Drone  
  19  1:43  Drone  
  20  1:53  Overlord  
  20  2:08  Overlord  
  20  2:09  Roach Warren  
  20  2:10  Queen  
  20  2:12  Overlord  
  21  2:17  Drone  
  22  2:24  Queen  
  22  2:28  Drone  
  25  2:34  Drone  
  25  2:37  Drone  
  27  2:38  Drone  
  28  2:52  Spore Crawler  
  28  2:58  Roach  
  28  2:59  Roach x2  
  28  3:01  Roach  
  36  3:09  Overlord  
  36  3:10  Drone  
  37  3:17  Roach  
  37  3:18  Roach  
  37  3:19  Roach  
  43  3:22  Roach  
  43  3:25  Roach  
  47  3:34  Roach x2  
  47  3:40  Roach  
  53  3:53  Drone  
  53  3:54  Drone x6  
  60  3:59  Metabolic Boost  
  60  4:11  Overlord  
  60  4:14  Overlord x2  
  60  4:17  Extractor  
  59  4:37  Drone  
  59  4:38  Drone x8  
  62  4:46  Lair  
  62  4:50  Drone x4  
  66  4:56  Extractor  
  66  4:57  Extractor  
  64  5:01  Hatchery  
  64  5:05  Drone  
  64  5:06  Drone  
  63  5:28  Overlord  
  63  5:35  Roach x8  
  79  5:39  Roach  
  81  5:49  Roach  
  83  5:52  Spire  
  82  6:08  Drone x6, Hydralisk Den  
  87  6:19  Drone  
  87  6:20  Drone x2  
  90  6:26  Glial Reconstitution  
  90  6:30  Hatchery, Drone  
  90  6:31  Evolution Chamber x2  
  88  6:33  Spore Crawler  
  87  6:46  Zergling x2  
  87  6:47  Zergling x18  
  97  6:57  Overlord x2  
  97  6:58  Lurker Den  
  97  7:02  Zerg Missile Weapons Level 1  
  97  7:03  Zerg Ground Armor Level 1  
  97  7:07  Overlord x2  
  97  7:08  Overlord  
  97  7:18  Corruptor  
  97  7:19  Corruptor  
  101  7:27  Drone x4  
  105  7:40  Overlord  
  105  7:41  Overlord, Hydralisk  
  105  7:42  Hydralisk x4  
  115  7:45  Drone  
  115  7:46  Drone  
  115  7:47  Drone  
  115  7:48  Drone  
  119  7:52  Overseer  
  119  7:54  Overlord  
  119  7:55  Overlord  
  119  7:58  Drone  
  120  8:07  Drone  
  120  8:08  Overlord x2  
  120  8:09  Drone  
  120  8:10  Drone x4  
  126  8:20  Extractor  
  126  8:21  Ravager x2  
  126  8:22  Ravager x5, Extractor  
  126  8:25  Drone x6  
  134  8:49  Spore Crawler  
  134  8:51  Spine Crawler x2  
  134  8:52  Spine Crawler  
  134  8:54  Drone x8  
  138  8:56  Spine Crawler x2  
  138  9:00  Spore Crawler, Extractor  
  138  9:02  Extractor  
  129  9:08  Drone x5  
  132  9:10  Zergling x10  
  130  9:21  Zergling x2  
  130  9:22  Zergling x8  
  111  9:36  Roach x4  
  119  9:44  Zergling x2  
  119  9:45  Zergling x6  
  123  9:50  Muscular Augments  
  123  9:51  Hydralisk  
  123  9:52  Infestation Pit  
  124  9:54  Zerg Missile Weapons Level 2  
  124  9:55  Zerg Ground Armor Level 2  
  79  10:28  Hydralisk x11  
  81  10:30  Zergling x8  
  105  10:45  Extractor  
  105  10:49  Drone x8, Spine Crawler  
  112  10:50  Drone, Spine Crawler  
  112  10:51  Drone x2, Spine Crawler  
  112  10:54  Spine Crawler  
  112  10:56  Spine Crawler  
  110  11:03  Lurker x4  
  114  11:06  Zergling x20  
  124  11:11  Hatchery  
  123  11:19  Spore Crawler  
  122  11:59  Corruptor x4  
  122  12:00  Roach  
  122  12:01  Roach x9  
  113  12:16  Roach  
  113  12:17  Roach x4  
  120  12:24  Roach  
  120  12:25  Roach x6  
  93  13:01  Hydralisk x10  
  93  13:02  Hydralisk x2  
  114  13:19  Drone  
  113  13:26  Hatchery  
  112  13:28  Zergling x14  
  119  13:35  Lurker x3  
  119  13:36  Corruptor  
  119  13:38  Zergling x2  
  125  13:54  Hatchery  
  122  14:07  Zergling x16  
  130  14:13  Drone  
  130  14:16  Hydralisk  
  133  14:31  Roach x6  
  146  14:38  Hatchery  
  146  14:39  Drone  
  146  14:59  Zergling x22  
Show
View Real Time Build Order
Export as new Build Order

LilDicky Terran - Winner!

Build Orders: Liberator Opening, Bio Tank, MMM Bio 

Get SALT Encoding   

  12  0:01  SCV  
  13  0:13  SCV  
  14  0:22  Supply Depot  
  14  0:25  SCV  
  15  0:38  Refinery  
  15  0:44  SCV  
  15  0:47  Barracks  
  16  0:56  SCV  
  17  1:08  SCV  
  18  1:20  SCV  
  20  1:35  Reaper  
  20  1:38  Orbital Command  
  20  1:45  Command Center  
  20  1:51  Refinery  
  20  2:02  Factory  
  20  2:05  SCV  
  21  2:16  Supply Depot, Barracks Tech Lab  
  21  2:19  SCV  
  22  2:31  SCV  
  23  2:37  Marine  
  24  3:09  Siege Tank, Starport  
  27  3:14  Orbital Command  
  27  3:15  SCV  
  27  3:17  Barracks Reactor  
  28  3:27  SCV  
  29  3:39  SCV  
  30  3:42  SCV, Liberator  
  30  3:45  Command Center  
  30  3:47  Siege Tank  
  33  3:57  SCV x2  
  33  4:01  Marine x2  
  40  4:09  Supply Depot  
  40  4:13  SCV  
  41  4:19  Marine x2  
  43  4:36  Marine  
  43  4:37  Marine  
  45  4:40  Siege Tank  
  45  4:42  SCV x2  
  50  5:01  Liberator  
  50  5:05  SCV  
  51  5:12  Siege Tank  
  57  5:22  SCV x2  
  57  5:25  Refinery  
  57  5:27  Refinery  
  57  5:28  Supply Depot x2  
  59  5:31  Barracks Tech Lab  
  59  5:34  SCV x2  
  61  5:36  Refinery  
  61  5:38  Engineering Bay, Barracks x2  
  61  5:39  Engineering Bay  
  61  5:40  Orbital Command  
  61  5:41  Liberator  
  61  5:46  SCV x2  
  63  5:58  SCV  
  63  5:59  SCV  
  68  6:13  Terran Infantry Weapons Level 1  
  68  6:14  Terran Infantry Armor Level 1  
  68  6:21  SCV x3  
  68  6:23  Marine  
  68  6:25  Stimpack  
  72  6:26  Barracks Tech Lab  
  72  6:28  Liberator  
  72  6:30  Barracks Reactor  
  72  6:33  SCV  
  72  6:34  SCV x2  
  72  6:35  Liberator  
  72  6:38  Command Center  
  75  6:45  SCV  
  75  6:46  SCV  
  83  7:07  SCV x2  
  85  7:12  Refinery  
  85  7:18  Supply Depot x4  
  85  7:35  Combat Shields  
  85  7:39  SCV x3, Marine x4  
  92  7:47  Barracks x2  
  92  7:48  Barracks  
  92  7:49  Barracks  
  92  7:51  SCV x3, Barracks  
  92  7:57  Marine x2  
  97  8:03  SCV x3  
  100  8:06  Orbital Command  
  100  8:15  SCV x3  
  103  8:28  SCV x2, Marine x2  
  103  8:29  Marauder x2  
  103  8:31  Medivac x2  
  103  8:33  Siege Tank  
  119  8:34  SCV x2  
  117  8:50  Marauder  
  116  9:13  Marine x4  
  116  9:14  Marauder x2  
  114  9:27  Marine x3  
  114  9:28  Liberator x2  
  114  9:31  Marine x2  
  102  9:32  Siege Tank  
  102  9:35  Marauder x2  
  113  9:45  Marine x2  
  113  9:46  Marine x2  
  118  9:53  Marine x2  
  118  9:57  Marauder x2  
  124  10:00  Barracks Tech Lab  
  124  10:02  Barracks Tech Lab  
  124  10:03  Marine x2  
  124  10:04  Marine x2  
  111  10:10  Marine  
  111  10:11  Marine  
  105  10:18  Marauder x2  
  106  10:23  Marine x2  
  106  10:24  Marauder  
  110  10:30  Marine x3  
  110  10:31  Marine  
  114  10:35  Command Center  
  114  10:39  Barracks x3, Marauder  
  114  10:40  Marauder  
  114  10:41  Barracks, Marine x2  
  120  10:43  Barracks  
  120  10:44  Armory, Missile Turret  
  120  10:46  Missile Turret, Marauder  
  122  10:51  Marine x2  
  122  10:53  Marine x2  
  122  10:54  Medivac x2  
  130  10:59  Starport, Marine  
  130  11:02  Factory  
  131  11:07  Supply Depot x3  
  131  11:10  Marine  
  132  11:13  Marauder x3  
  132  11:17  Marine  
  132  11:18  Marine  
  140  11:30  Terran Infantry Weapons Level 2, Terran Infantry Armor Level 2  
  140  11:31  Command Center  
  140  11:34  Marauder x3  
  140  11:37  Terran Vehicle And Ship Armor Level 1  
  145  11:48  Factory Tech Lab, Siege Tank  
  145  11:50  Medivac x2, Starport Reactor  
  152  11:55  Marauder x3  
  134  12:17  Marauder  
  134  12:20  Siege Tank  
  136  12:32  Marine  
  136  12:33  Marine x7  
  139  12:38  Marauder  
  112  12:52  Siege Tank, Marine  
  112  12:53  Marauder  
  107  13:14  Marine x9  
  109  13:24  Medivac x2  
  109  13:25  Medivac x2  
  115  13:32  Marine  
  115  13:33  Command Center, Marauder x2  
  120  13:44  Marine  
  120  13:45  Marine x5  
  120  13:48  Siege Tank x2  
  132  13:49  Marine  
  132  13:54  Medivac x2, Marine x2  
  132  13:55  Command Center  
  139  14:02  Marine x4  
  140  14:03  Marauder, Missile Turret, Marine  
  140  14:05  Missile Turret x3  
  140  14:07  Missile Turret, Marine  
  147  14:12  Marauder x2  
  151  14:20  Marine x3  
  151  14:23  Marine  
  155  14:24  Marauder  
  155  14:25  Marine  
  158  14:33  Marauder x2  
  162  14:46  Marauder  
  164  14:55  Marauder x2  
  121  15:27  Marine  
  121  15:28  Marine x5  
  113  15:29  Marine  
  113  15:33  Marine  
Tags
 
Add a new tag
Caveats
  • Supply blocks, unpowered buildings, or Contaminate may cause inaccurate times.
  • Supply counts are checked every 10 seconds.